 Dungeon Crawl Stone Soup version 0.31-a0-1336-g7fd7ca34b5 (webtiles) character file.

Game seed: 3186095186920202455

966 senseless the Fighter (level 8, -2/88 HPs)
             Began as an Oni Berserker on Dec 21, 2023.
             Was a Priest of Trog.
             Slain by Blork the orc
             ... wielding a +0 trident
              (10 damage)
             ... on level 6 of the Dungeon.
             The game lasted 00:13:38 (4235 turns).

senseless the Fighter (Oni Berserker)               Turns: 4235, Time: 00:13:39

Health: -2/88      AC:  3    Str: 24    XL:     8   Next: 15%
Magic:  8/8        EV: 12    Int:  8    God:    Trog [***...]
Gold:   36         SH:  0    Dex: 14    Spells: 7/7 levels left

rFire   . . .        z - +0 morningstar (holy)
rCold   . . .        (no shield)
rNeg    . . .        b - +0 animal skin
rPois   .            (helmet restricted)
rElec   .            (no cloak)
rCorr   .            (gloves unavailable)
SInv    .            (boots unavailable)
Will    ++...        f - amulet of the acrobat
Stlth   +            l - ring of flight
HPRegen 1.34/turn    a - +6 ring of dexterity
MPRegen 0.11/turn

%: acrobat
@: strong-willed, on berserk cooldown, flying, regenerating, slowed, very slow
A: drunken brawling, large, unfitting armour, horns 1, tough skin 1, double
potion healing
a: Renounce Religion, Berserk, Trog's Hand


You were on level 6 of the Dungeon.
You worshipped Trog.
Trog was most pleased with you.
You visited 1 branch of the dungeon, and saw 6 of its levels.

You collected 304 gold pieces.
You spent 268 gold pieces at shops.

Inventory:

Hand Weapons
 r - a +1 mace of protection
 s - a +0 giant club
 t - a +2 whip of flaming
 z - a +0 morningstar of holy wrath (weapon)
Missiles
 i - 4 poisoned darts
Armour
 b - a +0 animal skin (worn)
Jewellery
 a - a +6 ring of dexterity (right hand)
 f - an amulet of the acrobat (around neck)
 j - an amulet of magic regeneration
 l - a ring of flight (left hand)
 n - a +6 ring of intelligence
Wands
 c - a wand of mindburst (15)
 y - a wand of flame (21)
Scrolls
 d - a scroll of immolation
 m - 3 scrolls of teleportation
 q - 3 scrolls of enchant armour
Potions
 e - a potion of attraction
 g - a potion of invisibility
 k - a potion of mutation {unknown}
 o - a potion of magic {unknown}
 p - 2 potions of lignification {unknown}
 u - a potion of haste {unknown}
 w - a potion of might {unknown}
 x - a potion of heal wounds {unknown}


   Skills:
 + Level 8.1 Fighting
 + Level 6.0 Maces & Flails
 + Level 5.4 Dodging


You had 7 spell levels left.
You didn't know any spells.
Your spell library contained the following spells:

 Spells                   Type           Power      Damage    Failure   Level
 Blink                    Tloc           0%         N/A       54%         2
 Lesser Beckoning         Tloc           0%         N/A       54%         2
 Momentum Strike          Conj/Tloc      0%         3d8       54%         2


Dungeon Overview and Level Annotations

Branches:
Dungeon (6/15)
 Temple: D:4-7

Altars:

Shops:
D:2 *   D:5 (

Annotations:
D:6 Blork the orc


Innate Abilities, Weirdness & Mutations

Whenever you drink a potion that restores your health or magic, you attack all enemies around you.
You are too large for most types of armour.
You have a pair of small horns on your head.
You have tough skin. (AC +1)
Whenever you drink a potion that restores your health or magic, it restores twice as much.


Message History

* * * LOW HITPOINT WARNING * * *
The gnoll hits you with a +0 club.
* * * LOW HITPOINT WARNING * * *
Blork the orc mumbles some strange words.
Blork the orc seems to speed up.
The gnoll hits you with a +0 whip.
* * * LOW HITPOINT WARNING * * *
The gnoll closely misses you.
You take a swig of the potion and twirl your +0 morningstar of holy wrath.
You hit the gnoll.
The gnoll is lightly wounded.
You hit Blork the orc.
Blork the orc is lightly wounded.
You sock the gnoll!
You kill the gnoll!
Trog accepts your kill.
You puncture the gnoll!
You kill the gnoll!
Trog accepts your kill.
You savour every drop.
You feel better. Blork the orc closely misses you. The gnoll barely misses you.
Blork the orc barely misses you.
Your skin crawls.
You feel strong-willed.
Blork the orc hits you with a +0 trident!
* * * LOW HITPOINT WARNING * * *
The gnoll barely misses you. Blork the orc barely misses you.
The gnoll hits you with a +0 club.
* * * LOW HITPOINT WARNING * * *
Blork the orc misses you. Blork the orc completely misses you.
The gnoll misses you.
Things that are here:
a +0 whip; a +0 leather armour; a gnoll corpse Blork the orc attacks as he pursues you!
Blork the orc closely misses you.
Blork the orc begins to cast a cantrip, but forgets the words!
The gnoll completely misses you. x2; Blork the orc closely misses you.
There is a stone staircase leading up here.
Blork the orc barely misses you. The gnoll hits you with a +0 club.
* * * LOW HITPOINT WARNING * * *
Blork the orc hits you from afar with a +0 trident!
You die...

######
#@)..#
#g)..#
#o)..#
#.)..#
#.#..#
..##.#
####
.# .#
.#


You could see Blork the orc (fast) and a gnoll (swift).

Vanquished Creatures
  An ice beast (D:5)
  An orc warrior (D:4)
  An ogre (D:5)
  2 scorpions (D:5)
  A howler monkey (D:4)
  A hound (D:5)
  A gnoll bouda (D:6)
  2 orc priests (D:4)
  3 sleepcaps
  An iguana (D:4)
  7 orc wizards
  8 gnolls
  4 adders
  2 worms
  4 dart slugs
  8 orcs
  4 bats
  5 endoplasms
  6 giant cockroaches
  4 goblins
  5 hobgoblins
  7 kobolds
  4 quokkas
  16 ball pythons
  5 rats
103 creatures vanquished.

Notes
Turn   | Place    | Note
-------+----------+-------------------------------------------
     0 | D:1      | senseless the Oni Berserker began the quest for the Orb.
     0 | D:1      | Reached XP level 1. HP: 24/24 MP: 1/1
    25 | D:1      | Gained mutation: Whenever you drink a potion that restores
                  | your health or magic, it restores twice as much. [Oni
                  | growth]
    25 | D:1      | Gained mutation: You have a pair of small horns on your
                  | head. [Oni growth]
    25 | D:1      | Gained mutation: You have tough skin. (AC +1) [Oni growth]
    25 | D:1      | Reached XP level 2. HP: 21/32 MP: 2/2
   410 | D:1      | Reached XP level 3. HP: 40/40 MP: 3/3
   556 | D:1      | Reached ** piety under Trog
   747 | D:2      | You are sucked into a shaft and drop 1 floor!
   937 | D:2      | Found Pixt's General Store.
   945 | D:2      | Bought a scroll of identify for 24 gold pieces
  1011 | D:2      | Reached skill level 5 in Fighting
  1011 | D:2      | Reached XP level 4. HP: 36/50 MP: 4/4
  1124 | D:2      | Found a faded altar of an unknown god.
  1603 | D:2      | Bought a scroll of enchant armour for 90 gold pieces
  1857 | D:3      | Reached XP level 5. HP: 57/57 MP: 5/5
  2671 | D:4      | Reached skill level 6 in Fighting
  2671 | D:4      | Reached XP level 6. HP: 67/67 MP: 6/6
  3226 | D:5      | Entered Level 5 of the Dungeon
  3228 | D:5      | Identified a scroll of acquirement
  3228 | D:5      | Noticed an orc warrior
  3229 | D:5      | Acquired a +6 ring of dexterity
  3253 | D:5      | Reached skill level 5 in Maces & Flails
  3253 | D:5      | Reached XP level 7. HP: 76/76 MP: 7/7
  3392 | D:5      | Reached skill level 7 in Fighting
  3670 | D:5      | Reached *** piety under Trog
  3671 | D:5      | Reached skill level 5 in Dodging
  3867 | D:5      | Reached XP level 8. HP: 65/88 MP: 8/8
  4021 | D:5      | Found Vugex's Antique Weapon Boutique.
  4024 | D:5      | Bought a glowing morningstar for 154 gold pieces
  4217 | D:6      | Noticed Blork the orc
  4226 | D:6      | Reached skill level 8 in Fighting
  4230 | D:6      | HP: 3/88 [gnoll/+0 whip[a gnoll bouda] (4)]
  4235 | D:6      | Slain by Blork the orc

Illustrated notes

Levels and vault maps discovered:
D:1:      saegor_arrival_miasma, layout_basic
D:2:      layout_basic, serial_shops, shop, nicolae_ecumenical_snake_handling,
          amcnicky_mini_corridor_feature
D:3:      layout_basic
D:4:      layout_cave_pools
D:5:      layout_cave_pools, serial_shops, nicolae_shop_behind_doors
D:6:      layout_rooms, uniq_menkaure, uniq_sigmund, uniq_blork_the_orc

Skill      XL: |  1  2  3  4  5  6  7  8 |
---------------+-------------------------+-----
Dodging        | 3 4 5 |  5.4
Fighting       | 5 6 7 8 |  8.1
Maces & Flails | 4 5 6 |  6.0

Action                     |  1- 3 |  4- 6 |  7- 9 || total
---------------------------+-------+-------+-------++-------
  Melee: Mace              |    96 |   126 |    71 ||   293
         Headbutt          |    11 |    20 |    18 ||    49
         Punch             |     1 |     2 |     2 ||     5
         Morningstar       |       |       |    11 ||    11
 Invoke: Berserk           |       |     6 |     2 ||     8
         Trog's Hand       |       |       |     2 ||     2
    Use: Scroll            |       |    11 |     1 ||    12
         Potion            |       |       |     2 ||     2
 Armour: Animal skin       |    68 |    73 |   120 ||   261
  Dodge: Dodged            |    79 |    80 |    79 ||   238

Table legend: (Time is in decaauts)
 A = Elapsed time spent in this place.
 B = Non-inter-level travel time spent in this place.
 C = Inter-level travel time spent in this place.
 D = Time resting spent in this place.
 E = Time spent auto-exploring this place.
 F = Levels seen in this place.
 G = Mean time per level.
                   A        B        C        D        E       F      G
               +--------+--------+--------+--------+--------+-----+--------+
         Total |   4339 |   4148 |    191 |    200 |   3184 |   6 |  723.2 |
       Dungeon |   4339 |   4148 |    191 |    200 |   3184 |   6 |  723.2 |
               +--------+--------+--------+--------+--------+-----+--------+

Top non-repeatable levels by time:
     D:3: 1064 daAuts
     D:4: 848 daAuts
     D:5: 835 daAuts
     D:2: 830 daAuts
     D:1: 739 daAuts
     D:6: 19 daAuts
